 Seeded DCSS version 0.30-a0-46-g5a63ccc183 (webtiles) character file.

Game seed: 17246712331252751712 (custom seed)

2295 wilfster70 the Martial Artist (level 9, -2/63 (68) HPs)
             Began as a Gnoll Transmuter on Sept 1, 2022.
             Slain by a wight
             ... wielding a +3 war axe
              (12 damage)
             ... on level 8 of the Dungeon.
             The game lasted 00:20:50 (6267 turns).

wilfster70 the Martial Artist (Gnoll Transmuter)    Turns: 6267, Time: 00:20:50

HP:   -2/63 (68)    AC:  2    Str: 15    XL:     9   Next: 40%
MP:   28/28         EV: 14    Int: 17    God:
Gold: 345           SH:  0    Dex: 13    Spells: 20/21 levels left

rFire   . . .      SeeInvis .      - Unarmed
rCold   . . .      Faith    .    (no shield)
rNeg    . . .      Spirit   .    a - +0 robe
rPois   +          Reflect  .    (helmet currently unavailable)
rElec   .          Harm     .    (no cloak)
rCorr   .          Rampage  .    (no gloves)
Will    .....                    (boots currently unavailable)
Stlth   +++.......               c - amulet of Exhibitionism {Regen+ Str+4}
HPRegen 1.00/turn                i - ring of Onguci {rPois MP+9 Str+2}
MPRegen 0.21/turn                (no ring)

@: about to teleport, appendages (expiring), drained
A: horns 2, talons 2, fangs 1, strong nose, distributed training
a: End Transformation


You were on level 8 of the Dungeon.
You had temporarily grown beastly horns and talons.
You visited 2 branches of the dungeon, and saw 9 of its levels.
You also visited: Sewer.

You collected 345 gold pieces.

Inventory:

Hand Weapons
 e - the +7 bardiche "Jongus" {drain, +Blink Stlth+}
   (You acquired it on level 1 of the Dungeon)

   A truly terrible weapon, it drains the life of any living foe it strikes.
   +Blink:    It lets you blink.
   Stlth:     It makes you more stealthy.
Missiles
 u - 23 poisoned darts
Armour
 a - a +0 robe (worn)
 C - a +1 hat (melded)
Jewellery
 c - the amulet of Exhibitionism (around neck) {Regen+ Str+4}
   (You acquired it on level 1 of the Dungeon)

   [amulet of regeneration]

   Str:       It affects your strength (+4).
   Regen:     It increases your rate of health regeneration.
 d - a ring of ice
 i - the ring of Onguci (left hand) {rPois MP+9 Str+2}
   (You acquired it in a sewer)

   [ring of magical power]

   Str:       It affects your strength (+2).
   rPois:     It protects you from poison.
   MP:        It affects your magic capacity (+9).
 r - an amulet of the acrobat
 A - a ring of fire
Wands
 k - a wand of mindburst (3)
 y - a wand of paralysis (4)
Scrolls
 f - a scroll of blinking {unknown}
 g - 2 scrolls of teleportation
 h - 4 scrolls of fog
 m - 2 scrolls of poison {unknown}
 o - 3 scrolls of summoning {unknown}
 s - 3 scrolls of magic mapping {unknown}
 v - a scroll of enchant weapon
 x - a scroll of noise {unknown}
 D - a scroll of amnesia
 E - a scroll of silence {unknown}
Potions
 b - a potion of resistance {unknown}
 j - 7 potions of curing
 l - a potion of cancellation {unknown}
 n - a potion of magic {unknown}
 p - a potion of flight {unknown}
 q - 4 potions of lignification
 t - 3 potions of invisibility
 w - a potion of heal wounds
 z - 2 potions of mutation
 B - 2 potions of might


   Skills:
 + Level 5.1 Fighting
 + Level 4.3 Short Blades
 + Level 4.3 Long Blades
 + Level 4.3 Axes
 + Level 4.3 Maces & Flails
 + Level 4.3 Polearms
 + Level 4.3 Staves
 + Level 4.3 Ranged Weapons
 + Level 4.3 Throwing
 + Level 4.3 Armour
 + Level 6.4 Dodging
 + Level 4.3 Stealth
 + Level 4.3 Shields
 + Level 8.0 Unarmed Combat
 + Level 6.7 Spellcasting
 + Level 3.6 Conjurations
 + Level 3.6 Hexes
 + Level 3.6 Summonings
 + Level 3.6 Necromancy
 + Level 3.6 Translocations
 + Level 5.3 Transmutations
 + Level 3.6 Fire Magic
 + Level 3.6 Ice Magic
 + Level 3.6 Air Magic
 + Level 3.6 Earth Magic
 + Level 3.6 Poison Magic
 + Level 4.8 Invocations
 + Level 4.3 Evocations


You had 20 spell levels left.
You knew the following spells:

 Your Spells              Type           Power      Damage    Failure   Level
a - Beastly Appendage     Tmut           46%        N/A       1%          1

Your spell library contained the following spells:

 Spells                   Type           Power      Damage    Failure   Level
 Wereblood                Tmut           23%        N/A       1%          2
 Foxfire                  Conj/Fire      72%        2x1d7     2%          1
 Blink                    Tloc           36%        N/A       4%          2
 Spider Form              Tmut/Pois      20%        N/A       6%          3
 Conjure Flame            Conj/Fire      18%        6-21      9%          3
 Inner Flame              Hex/Fire       18%        N/A       9%          3
 Lesser Beckoning         Tloc           18%        N/A       9%          3
 Ice Form                 Ice/Tmut       20%        N/A       19%         4
 Flame Wave               Conj/Fire      18%        2d7       26%         4
 Manifold Assault         Tloc           18%        N/A       58%         5


Dungeon Overview and Level Annotations

Branches:
Dungeon (8/15)             Temple (1/1) D:7           Sewer (visited)
   Lair: D:8-11

Altars:
Cheibriados
Dithmenos
Fedhas
Gozag
Makhleb
Nemelex Xobeh
Okawaru
Qazlal
Ru
Sif Muna
Trog
Uskayaw
Wu Jian
Xom
Yredelemnul
Zin

Annotations:
D:7 Joseph


Innate Abilities, Weirdness & Mutations

You have temporarily grown beastly horns and talons.
You have very sharp teeth.
Your uncanny sense of smell can sniff out nearby items.
Your experience applies equally to all skills.


Message History

Joseph is nearby!
(D) Dungeon (T) Temple
Where to? (Enter - D:7, ? - help)
There is a stone staircase leading down here.
You climb downwards.
There is a stone staircase leading up here.
Found a stone staircase leading down.
Okay, then.
Unknown command.
A wight comes into view. It is wielding a +0 great sword.
The wight moves out of view.
A wight comes into view. It is wielding a +3 war axe.
Found a stone staircase leading up.
A wight comes into view. It is wielding a +0 hand axe.
There are monsters nearby!
A wight comes into view. It is wielding a +0 hand axe.
Casting: Beastly Appendage (safe; 1% risk of failure)
Confirm with . or Enter, or press ? or * to list all spells.
You grow a pair of large bovine horns.
Your feet morph into talons.
Your +1 hat melds into your body.
You closely miss the wight. You headbutt the wight.
The wight is lightly damaged.
You closely miss the wight. Your headbutt misses the wight.
You bite the wight, but do no damage.
The wight is lightly damaged.
The wight hits you with a +3 war axe! The wight misses you.
The wight hits you with a +0 great sword!
The wight attacks as you move away!
The wight hits you with a +0 great sword!
You feel drained. The wight attacks as you move away!
The wight hits you with a +0 great sword!
The wight attacks as you move away! The wight hits you with a +3 war axe!
* * * LOW HITPOINT WARNING * * *
You feel drained.
* * * LOW HITPOINT WARNING * * *
Your transformation is almost over.
As you read the scroll of teleportation, it crumbles to dust.
You feel strangely unstable. The wight hits you with a +3 war axe!
You die...

###.###########
..<...........#
###.#.######..#
# #..# #..# #..#
#.z# #zz# ##@#
#######.#
#........#
#.######.# ..#
#.# #.# #.# #.#
#.# #.# #.#
#######.######.#


You could see 3 wights.

Vanquished Creatures
  A steam dragon (D:7)
  An acid dragon (D:6)
  A water moccasin (D:7)
  An ice beast (D:6)
  3 black bears
  An orc warrior (D:6)
  2 kobold brigands (Sewer)
  A phantom (D:6)
  2 necrophages (D:5)
  A bullfrog (D:6)
  A scorpion (D:5)
  A howler monkey (D:6)
  2 jellies (D:6)
  3 orc priests
  7 hounds
  A gnoll bouda (D:5)
  4 iguanas
  6 orc wizards
  9 gnolls
  12 adders
  3 river rats
  A shadow imp (D:7)
  2 ufetubi
  3 worms
  4 dart slugs
  27 orcs
  6 ball pythons
  4 bats
  5 endoplasms
  8 giant cockroaches
  5 hobgoblins
  3 quokkas
  A frilled lizard (D:2)
  4 goblins
  9 kobolds
  5 rats
150 creatures vanquished.

Notes
Turn   | Place    | Note
-------+----------+-------------------------------------------
     0 | D:1      | wilfster70 the Gnoll Transmuter began the quest for the
                  | Orb.
     0 | D:1      | Reached XP level 1. HP: 17/17 MP: 6/6
    41 | D:1      | Identified a scroll of acquirement
    41 | D:1      | Acquired the amulet of Exhibitionism {Regen+ Str+4}
   134 | D:1      | Reached XP level 2. HP: 23/23 MP: 7/7
   201 | D:1      | Acquired the +7 bardiche "Jongus" {drain, +Blink Stlth+}
   644 | D:2      | Reached skill level 5 in Spellcasting
   644 | D:2      | Reached XP level 3. HP: 28/28 MP: 6/9
   736 | D:2      | Found a faded altar of an unknown god.
   863 | D:2      | Reached skill level 1 in Invocations
  1147 | D:3      | Reached skill level 1 in Short Blades
  1147 | D:3      | Reached skill level 1 in Long Blades
  1147 | D:3      | Reached skill level 1 in Axes
  1147 | D:3      | Reached skill level 1 in Maces & Flails
  1147 | D:3      | Reached skill level 1 in Polearms
  1147 | D:3      | Reached skill level 1 in Staves
  1147 | D:3      | Reached skill level 1 in Ranged Weapons
  1147 | D:3      | Reached skill level 1 in Throwing
  1147 | D:3      | Reached skill level 1 in Armour
  1147 | D:3      | Reached skill level 1 in Stealth
  1147 | D:3      | Reached skill level 1 in Shields
  1147 | D:3      | Reached skill level 1 in Evocations
  1234 | D:3      | Reached XP level 4. HP: 34/34 MP: 9/11
  1258 | D:3      | Reached skill level 1 in Conjurations
  1258 | D:3      | Reached skill level 1 in Hexes
  1258 | D:3      | Reached skill level 1 in Summonings
  1258 | D:3      | Reached skill level 1 in Necromancy
  1258 | D:3      | Reached skill level 1 in Translocations
  1258 | D:3      | Reached skill level 1 in Fire Magic
  1258 | D:3      | Reached skill level 1 in Ice Magic
  1258 | D:3      | Reached skill level 1 in Air Magic
  1258 | D:3      | Reached skill level 1 in Earth Magic
  1258 | D:3      | Reached skill level 1 in Poison Magic
  1300 | D:3      | Found a glowing drain.
  1330 | D:3      | Reached XP level 5. HP: 40/40 MP: 10/12
  1364 | Sewer    | Entered a sewer
  1456 | Sewer    | Acquired the ring of Onguci {rPois MP+9 Str+2}
  1533 | Sewer    | Noticed a kobold brigand
  1545 | Sewer    | Killed a kobold brigand
  1546 | Sewer    | Reached XP level 6. HP: 43/47 MP: 14/14
  1629 | Sewer    | Reached skill level 5 in Dodging
  1942 | D:3      | Found an ornate altar of the Wu Jian Council.
  2101 | D:3      | Found a burning altar of Makhleb.
  2112 | D:3      | Found an opulent altar of Gozag.
  2218 | D:3      | Found a shimmering blue altar of Sif Muna.
  2523 | D:4      | Found a bloodstained altar of Trog.
  2591 | D:4      | You fall into a shaft and drop 3 floors!
  2616 | D:7      | Reached XP level 7. HP: 52/52 MP: 15/15
  2638 | D:7      | Reached skill level 7 in Unarmed Combat
  2848 | D:5      | Entered Level 5 of the Dungeon
  2947 | D:4      | Reached XP level 8. HP: 39/60 MP: 16/16
  3026 | D:4      | Found a sacrificial altar of Ru.
  3502 | D:5      | Found a shadowy altar of Dithmenos.
  3900 | D:5      | Reached skill level 5 in Transmutations
  4068 | D:5      | Found a sparkling altar of Nemelex Xobeh.
  4356 | D:6      | Reached XP level 9. HP: 60/66 MP: 18/18
  4812 | D:6      | Reached skill level 5 in Fighting
  5119 | D:7      | Noticed Joseph
  5616 | D:7      | HP: 2/68 [steam dragon/ball of steam (13)]
  5843 | D:7      | Reached skill level 8 in Unarmed Combat
  5875 | D:7      | Found a staircase to the Ecumenical Temple.
  5884 | Temple   | Entered the Ecumenical Temple
  6267 | D:8      | Slain by a wight

Illustrated notes

Levels and vault maps discovered:
D:1:      evilmike_arrival_plus, layout_rooms
D:2:      minmay_evil_eye, layout_loops_ring, ebering_ecumenical_altar_box
D:3:      layout_basic, palyth_temple_overflow_mages, nzn_wu_jian_contemplation,
          amethyst_overflow_temple_binary, portal_sewer_entry_c
D:4:      layout_basic, trog_book, nicolae_ru_great_annihilating_truth
D:5:      layout_loops_ring, nicolae_dithmenos_the_darkroom,
          overflow_temple_1_default
D:6:      layout_basic
D:7:      layout_loops_ring, minmay_temple_entry_poolview, uniq_joseph
D:8:      layout_loops_ring, mainiacjoe_overflow_cross_hatched,
          beargit_hepliaklqana_dungeon_heroes, grunt_ministairs_7,
          dk_noncrumbling_4
Temple:   nicolae_temple_bog_church

Skill      XL: |  1  2  3  4  5  6  7  8  9 |
---------------+----------------------------+-----
Spellcasting   | 5 6 |  6.7
Invocations    | 1 2 3 4 |  4.8
Short Blades   | 1 2 3 4 |  4.3
Long Blades    | 1 2 3 4 |  4.3
Axes           | 1 2 3 4 |  4.3
Maces & Flails | 1 2 3 4 |  4.3
Polearms       | 1 2 3 4 |  4.3
Staves         | 1 2 3 4 |  4.3
Ranged Weapons | 1 2 3 4 |  4.3
Throwing       | 1 2 3 4 |  4.3
Armour         | 1 2 3 4 |  4.3
Stealth        | 1 2 3 4 |  4.3
Shields        | 1 2 3 4 |  4.3
Evocations     | 1 2 3 4 |  4.3
Conjurations   | 1 2 3 |  3.6
Hexes          | 1 2 3 |  3.6
Summonings     | 1 2 3 |  3.6
Necromancy     | 1 2 3 |  3.6
Translocations | 1 2 3 |  3.6
Fire Magic     | 1 2 3 |  3.6
Ice Magic      | 1 2 3 |  3.6
Air Magic      | 1 2 3 |  3.6
Earth Magic    | 1 2 3 |  3.6
Poison Magic   | 1 2 3 |  3.6
Fighting       | 3 4 5 |  5.1
Transmutations | 4 5 |  5.3
Dodging        | 5 6 |  6.4
Unarmed Combat | 7 8 |  8.0

Action                   |  1- 3 |  4- 6 |  7- 9 || total
-------------------------+-------+-------+-------++-------
Melee: Unarmed           |    66 |   143 |   285 ||   494
       Kick              |    12 |    20 |    65 ||    97
       Bite              |     5 |    11 |    26 ||    42
       Headbutt          |     7 |     7 |    56 ||    70
       Punch             |     1 |       |     9 ||    10
 Cast: Beastly Appendage |    23 |    16 |    38 ||    77
Evoke: Wand              |       |       |     3 ||     3
  Use: Scroll            |     5 |     1 |    10 ||    16
       Potion            |       |       |     1 ||     1
 Stab: Sleeping          |       |     3 |     7 ||    10
       Paralysed         |       |       |     6 ||     6
Armor: Robe              |    12 |    17 |    30 ||    59
Dodge: Dodged            |    51 |    86 |   213 ||   350

Table legend: (Time is in decaauts)
 A = Elapsed time spent in this place.
 B = Non-inter-level travel time spent in this place.
 C = Inter-level travel time spent in this place.
 D = Time resting spent in this place.
 E = Time spent auto-exploring this place.
 F = Levels seen in this place.
 G = Mean time per level.
                   A        B        C        D        E       F      G
               +--------+--------+--------+--------+--------+-----+--------+
         Total |   6301 |   6060 |    241 |    548 |   2544 |  10 |  630.1 |
       Dungeon |   5678 |   5455 |    223 |    509 |   2328 |   8 |  709.8 |
        Temple |    189 |    171 |     18 |      0 |    153 |   1 |  189.0 |
         Sewer |    434 |    434 |      0 |     39 |     62 |   1 |  434.0 |
               +--------+--------+--------+--------+--------+-----+--------+

Top non-repeatable levels by time:
     D:7: 1049 daAuts
     D:6: 960 daAuts
     D:5: 948 daAuts
     D:3: 805 daAuts
     D:4: 779 daAuts
     D:2: 547 daAuts
     D:1: 526 daAuts
   Sewer: 434 daAuts
  Temple: 189 daAuts
     D:8: 62 daAuts
